 Dungeon Crawl Stone Soup version 0.13-a0-2538-gc238810 (webtiles) character file.

11976 JacquesDerrida the Aerator (level 11, 0/54 HPs)
             Began as a Tengu Air Elementalist on July 29, 2013.
             Was an Elder of Vehumet.
             Slain by a basilisk (3 damage)
             ... on Level 1 of the Lair of Beasts.
             The game lasted 00:54:34 (11970 turns).

JacquesDerrida the Aerator (TeAE)                  Turns: 11970, Time: 00:54:34

HP   0/54        AC  8     Str  8      XL: 11   Next: 79%
MP  23/30        EV  2     Int 18      God: Vehumet [****..]
Gold 443         SH  0     Dex 16      Spells:  6 memorised, 15 levels left

Res.Fire  : . . .   See Invis. : +   R - +3 scimitar (freeze)
Res.Cold  : + + .   Warding    : .   C - +1 orc leather armour {rC+}
Life Prot.: + + +   Conserve   : .   (no shield)
Res.Poison: +       Res.Corr.  : .   B - +0 wizard hat
Res.Elec. : .       Clarity    : .   G - +0 elf cloak
Sust.Abil.: . .     Spirit.Shd : .   r - +2 pair of gloves
Res.Mut.  : .       Stasis     : .   (boots unavailable)
Res.Rott. : +       Flight     : .   x - amulet of the gourmand
Gourmand  : +                        n - ring of see invisible
                                     y - ring of protection from cold

@: petrified, somewhat resistant to hostile enchantments, stealthy
A: able to fly, beak, talons 3
a: Fly, Renounce Religion


You were on level 1 of the Lair of Beasts.
You worshipped Vehumet.
Vehumet was extremely pleased with you.
You were very full.

You visited 3 branches of the dungeon, and saw 13 of its levels.

You collected 423 gold pieces.

Inventory:

Hand weapons
 t - a +4,+0 scimitar of flaming
 R - a +3,+3 scimitar of freezing (weapon)
Armour
 r - a +2 pair of gloves (worn)
 B - a +0 wizard hat (worn)
 C - a +1 orcish leather armour of cold resistance (worn)
 G - a +0 elven cloak (worn)
Magical devices
 I - a wand of digging (13) {unknown}
 J - a wand of fire (5)
 K - a wand of flame (10)
 T - a wand of disintegration (10)
Comestibles
 c - 3 bread rations
Scrolls
 g - 2 scrolls of teleportation
 h - 2 scrolls of remove curse
 j - 5 scrolls of fog
 k - 3 scrolls of identify
 q - 2 scrolls of magic mapping
 s - 2 scrolls of blinking
Jewellery
 l - an uncursed ring of sustenance
 n - a ring of see invisible (right hand)
 x - an amulet of the gourmand (around neck)
 y - a ring of protection from cold (left hand)
 Q - an uncursed amulet of resist mutation {unknown}
Potions
 a - 2 potions of curing
 f - a potion of brilliance
 W - a potion of heal wounds


   Skills:
 - Level 2.1 Dodging
 - Level 2.0 Stealth
 + Level 11.2 Spellcasting
 - Level 9.1 Conjurations
 + Level 15.1 Air Magic


You had 15 spell levels left.
You knew the following spells:

 Your Spells              Type           Power        Failure   Level  Hunger
a - Shock                 Conj/Air       ####         1%          1    None
b - Repel Missiles        Chrm/Air       #####.....   1%          2    None
c - Swiftness             Chrm/Air       #####.....   1%          2    None
d - Static Discharge      Conj/Air       ######..     1%          3    None
e - Lightning Bolt        Conj/Air       ######....   1%          5    ####...
f - Airstrike             Air            ######....   1%          4    ##.....


Dungeon Overview and Level Annotations

Branches:
Dungeon (11/27)            Temple (1/1) D:4             Orc (0/4) D:11
   Lair (1/8) D:11

Altars:
Ashenzari
Cheibriados
Elyvilon
Fedhas
Kikubaaqudgha
Makhleb
Nemelex Xobeh
Okawaru
Sif Muna
Trog
Vehumet
Xom
Yredelemnul
the Shining One
Jiyva

Shops:
D:8: %

Annotations
D:3 JacquesDerrida's ghost, average DgAE
D:11 Joseph


Innate Abilities, Weirdness & Mutations

You can fly.
You have a beak for a mouth.
You have claws for feet.


Message History

Confirm with . or Enter, or press ? or * to list all spells.
Aiming: Shock
Press: ? - help, Shift-Dir - straight line, f/p - basilisk
Aim: a basilisk (almost dead)
The zap hits the basilisk.
The basilisk is almost dead.
The basilisk bites you! The basilisk barely misses you.
You have turned to stone.
The basilisk bites you. The basilisk bites you! The basilisk bites you!
* * * LOW HITPOINT WARNING * * *
The basilisk bites you!
* * * LOW HITPOINT WARNING * * *
The basilisk bites you.
* * * LOW HITPOINT WARNING * * *
The basilisk gazes at you. You resist. The basilisk bites you!
You die...

####..........####
.............###..#..
..............#.......
.........[.............
........................
........................
........................
.........................
................@l.......
.........................
..................#.....
####.......#......# ..##
##......##....### ##
#........%...##
##............#
#...........##
#..........P#


You could see a basilisk.

Vanquished Creatures
  Gastronok (D:11)
  Erica (D:11)
  Urug (D:11)
  2 hill giants
  2 orange demons (D:7)
  2 trolls (D:11)
  Prince Ribbit (D:4)
  A basilisk (Lair:1)
  4 humans (D:10)
  2 wyverns
  Eustachio (D:4)
  A manticore (D:8)
  5 hippogriffs
  A porcupine (D:11)
  2 ice beasts
  3 orc warriors
  3 phantoms
  8 centaurs
  An ogre (D:4)
  A sky beast (D:7)
  6 giant frogs
  3 giant slugs (D:11)
  A rotting devil (D:7)
  A crocodile (Lair:1)
  A big kobold (D:9)
  An agate snail (D:11)
  An eye of draining (D:10)
  A cyclops skeleton (D:10)
  5 killer bees (D:4)
  13 wights
  4 crimson imps
  A quasit (D:9)
  2 hounds
  2 scorpions
  Crazy Yiuf (D:5)
  9 orc wizards
  5 orc priests
  5 worker ants
  A big kobold zombie (D:9)
  Ijyb (D:6)
  An ogre zombie (D:5)
  6 jellies
  A hound skeleton (D:9)
  10 adders
  2 worm zombies
  3 giant mites
  7 worms
  5 giant geckos
  5 oozes (D:8)
  38 orcs
  A ball python (D:3)
  6 giant cockroaches
  8 hobgoblins
  16 jackals
  14 kobolds
  10 quokkas
  15 bats
  A giant gecko zombie (D:7)
  3 giant newts
  A giant spore (D:7)
  9 goblins
  An orc skeleton (D:9)
  An orc zombie (D:6)
  2 quokka skeletons
  18 rats
  A rat skeleton (D:7)
  A rat zombie (D:5)
  4 ballistomycetes (D:7)
297 creatures vanquished.

Vanquished Creatures (others)
  An orc priest (D:7)
  An orc wizard (D:7)
  An orc (D:7)
3 creatures vanquished.

Grand Total: 300 creatures vanquished

Notes
Turn   | Place    | Note
--------------------------------------------------------------
     0 | D:1      | JacquesDerrida, the Tengu Air Elementalist, began the quest for the Orb.
     0 | D:1      | Reached XP level 1. HP: 10/10 MP: 3/3
   156 | D:1      | Reached XP level 2. HP: 12/15 MP: 0/5
   734 | D:2      | Reached XP level 3. HP: 19/19 MP: 5/7
   932 | D:2      | Found a shimmering altar of Xom.
  1119 | D:2      | Found a blossoming altar of Fedhas.
  1207 | D:2      | Reached XP level 4. HP: 18/24 MP: 4/9
  1261 | D:2      | Learned a level 2 spell: Repel Missiles
  1264 | D:2      | Learned a level 2 spell: Swiftness
  1675 | D:3      | Reached XP level 5. HP: 28/28 MP: 0/13
  1823 | D:3      | Noticed JacquesDerrida's ghost (average DgAE)
  1848 | D:4      | Noticed Prince Ribbit
  1860 | D:4      | Found a staircase to the Ecumenical Temple.
  1874 | Temple   | Entered the Ecumenical Temple
  2028 | Temple   | Became a worshipper of Vehumet
  2068 | Temple   | Learned a level 3 spell: Static Discharge
  2115 | Temple   | Gained mutation: You are surrounded by a mild repulsion field (EV +2). [potion of beneficial mutation]
  2130 | D:4      | Killed Prince Ribbit
  2130 | D:4      | Reached XP level 6. HP: 9/32 MP: 4/17
  2364 | D:4      | Reached skill level 5 in Spellcasting
  2493 | D:4      | Found a snail-covered altar of Cheibriados.
  2609 | D:4      | Noticed an ogre
  2631 | D:4      | Killed an ogre
  2631 | D:4      | Reached skill level 5 in Conjurations
  2631 | D:4      | Reached XP level 7. HP: 36/36 MP: 12/19
  2814 | D:4      | Noticed Eustachio
  2847 | D:4      | Killed Eustachio
  2847 | D:4      | Reached skill level 6 in Conjurations
  2927 | D:4      | Reached skill level 5 in Air Magic
  3155 | D:3      | Acquired Vehumet's first power
  3155 | D:3      | Offered knowledge of Sting by Vehumet.
  3282 | D:4      | Reached XP level 8. HP: 38/41 MP: 18/21
  3284 | D:4      | Reached skill level 7 in Conjurations
  3529 | D:5      | Entered Level 5 of the Dungeon
  3574 | D:4      | Learned a level 5 spell: Lightning Bolt
  3943 | D:5      | Noticed Crazy Yiuf
  3966 | D:5      | Killed Crazy Yiuf
  4099 | D:5      | Found a white marble altar of Elyvilon.
  4133 | D:5      | Reached skill level 8 in Conjurations
  4399 | D:6      | Noticed Ijyb
  4410 | D:6      | Killed Ijyb
  5032 | D:7      | Offered knowledge of Throw Flame by Vehumet.
  5112 | D:7      | Reached skill level 9 in Conjurations
  5237 | D:7      | Reached XP level 9. HP: 35/45 MP: 17/23
  5741 | D:7      | Noticed an orange demon
  5796 | D:7      | Reached skill level 10 in Air Magic
  5970 | D:7      | Killed an orange demon
  5996 | D:7      | Noticed an orange demon
  6045 | D:7      | Killed an orange demon
  6563 | D:8      | Reached skill level 11 in Air Magic
  6596 | D:8      | Offered knowledge of Dazzling Spray by Vehumet.
  6642 | D:8      | Reached XP level 10. HP: 48/50 MP: 21/26
  6644 | D:8      | Found Grunap's Food Shop.
  6889 | D:8      | Acquired Vehumet's second power
  7411 | D:8      | Found a viscous altar of Jiyva.
  7794 | D:9      | Offered knowledge of Airstrike by Vehumet.
  7808 | D:9      | Learned a level 4 spell: Airstrike
  7828 | D:9      | Reached skill level 12 in Air Magic
  7947 | D:9      | Found a shattered altar of Ashenzari.
  8057 | D:9      | Lost mutation: You are surrounded by a mild repulsion field (EV +2). [potion of cure mutation]
  8113 | D:9      | Found a bloodstained altar of Trog.
  8240 | D:9      | Found an ancient bone altar of Kikubaaqudgha.
  8465 | D:9      | Acquired Vehumet's third power
  8670 | D:10     | Entered Level 10 of the Dungeon
  8952 | D:9      | Offered knowledge of Force Lance by Vehumet.
  9087 | D:10     | Noticed a hill giant
  9131 | D:9      | Killed a hill giant
  9196 | D:9      | Reached skill level 13 in Air Magic
  9627 | D:10     | Noticed a human
  9638 | D:10     | Killed a human
  9638 | D:10     | Reached XP level 11. HP: 21/54 MP: 6/29
  9819 | D:10     | Reached skill level 10 in Spellcasting
 10420 | D:11     | Noticed Erica
 10438 | D:11     | Killed Erica
 10438 | D:11     | Reached skill level 14 in Air Magic
 10533 | D:11     | Found a staircase to the Orcish Mines.
 10535 | D:11     | Noticed a hill giant
 10570 | D:11     | Killed a hill giant
 10620 | D:11     | Noticed Gastronok
 10638 | D:11     | Killed Gastronok
 11040 | D:11     | Noticed Joseph
 11373 | D:11     | Found a staircase to the Lair.
 11503 | D:11     | Noticed Urug
 11552 | D:11     | Killed Urug
 11552 | D:11     | Reached skill level 15 in Air Magic
 11570 | Lair:1   | Entered Level 1 of the Lair of Beasts
 11970 | Lair:1   | Slain by a basilisk

Action                   |  1- 3 |  4- 6 |  7- 9 | 10-12 || total
-------------------------+-------+-------+-------+-------++-------
Melee: Unarmed           |    33 |     4 |       |     1 ||    38
       Whip              |       |     3 |     9 |       ||    12
       Scimitar          |       |       |    18 |    33 ||    51
 Cast: Shock             |    61 |    92 |   342 |   457 ||   952
       Static Discharge  |       |     2 |     6 |       ||     8
       Swiftness         |       |       |     6 |    15 ||    21
       Repel Missiles    |       |       |     1 |    12 ||    13
       Airstrike         |       |       |       |    39 ||    39
       Lightning Bolt    |       |       |       |    19 ||    19
 Abil: Fly               |       |     2 |       |       ||     2
Evoke: Wand              |     1 |       |    19 |     7 ||    27
  Use: Potion            |       |     8 |       |     6 ||    14
       Scroll            |       |       |     4 |    19 ||    23
 Stab: Sleeping          |       |     1 |       |       ||     1
       Paralysed         |       |       |     1 |       ||     1
